 Dungeon Crawl Stone Soup version 0.17-a0-1468-gbf503c2 (webtiles) character file.

4967 Ajdolov the Grappler (level 10, -1/88 HPs)
             Began as a Troll Monk on July 1, 2015.
             Was an Elder of Qazlal.
             Slain by a wight
             ... wielding a cursed +2 spear of freezing
              (9 damage)
             ... on level 9 of the Dungeon.
             The game lasted 00:20:59 (7063 turns).

Ajdolov the Grappler (Troll Monk)                   Turns: 7063, Time: 00:20:59

Health: -1/88      AC:  6    Str: 21    XL:     10   Next: 28%
Magic:  15/15      EV: 10    Int:  6    God:    Qazlal [****..]
Gold:   384        SH:  5    Dex: 15    Spells: 0 memorised, 9 levels left

rFire  . . .     SeeInvis .       - Unarmed
rCold  . . .     Clarity  .     a - +0 robe
rNeg   . . .     SustAt   .     (no shield)
rPois  .         Gourm    +     (helmet restricted)
rElec  .         Spirit   .     w - +0 cloak
rCorr  +         Warding  .     (gloves unavailable)
rMut   .         Stasis   .     (boots unavailable)
MR     .....                    H - amulet of resist corrosion
Stlth  +.........               (no ring)
                                (no ring)

@: very slightly contaminated, hasted, repel missiles, very quick, not resistant
to hostile enchantments, very unstealthy
A: unfitting armour, claws 3, fast metabolism 3, gourmand, regeneration 2,
shaggy fur 1, tough skin 2
a: Upheaval, Elemental Force, Renounce Religion


You were on level 9 of the Dungeon.
You worshipped Qazlal.
Qazlal was greatly pleased with you.
You were completely stuffed.

You visited 2 branches of the dungeon, and saw 10 of its levels.
You also visited: Ossuary.

You collected 384 gold pieces.

Inventory:

Hand weapons
 J - a +0 giant spiked club
Missiles
 t - 6 silver javelins (quivered)
 y - 25 poisoned needles
Armour
 a - a +0 robe (worn)
 w - a +0 cloak (worn)
Magical staves
 L - an uncursed staff of wizardry {unknown}
Jewellery
 H - an amulet of resist corrosion (around neck)
 O - a cursed amulet of inaccuracy {unknown}
Magical devices
 l - a wand of cold (5)
 N - a wand of teleportation (4)
Scrolls
 c - a scroll of fog {unknown}
 d - 4 scrolls of magic mapping
 g - 2 scrolls of remove curse
 i - 4 scrolls of teleportation {unknown}
 j - a scroll of blinking {unknown}
 k - a scroll of enchant weapon {unknown}
 m - 3 scrolls of amnesia {unknown}
 n - 5 scrolls of identify
 p - 2 scrolls of noise {unknown}
 s - 2 scrolls of random uselessness {unknown}
 v - 3 scrolls of enchant armour {unknown}
Potions
 e - 3 potions of haste
 f - a potion of invisibility {unknown}
 h - 2 potions of agility
 o - a potion of flight {unknown}
 q - 3 potions of brilliance
 u - a potion of berserk rage {unknown}
 x - a potion of resistance
 z - 3 potions of magic
 B - a potion of cure mutation {unknown}
 C - 2 potions of curing
 D - a potion of beneficial mutation {unknown}
 E - a potion of poison
 G - 3 potions of mutation {unknown}
 M - a potion of heal wounds {unknown}
Books
 I - a book of Cantrips

   Spells                             Type                      Level
   a - Corona                         Hexes                        1
   b - Animate Skeleton               Necromancy                   1
   c - Summon Small Mammal            Summoning                    1
   d - Apportation                    Translocation                1
Comestibles
 b - 10 bread rations
 r - 3 fruits
 A - 4 beef jerkies
 F - 3 meat rations
 K - 2 chunks of flesh
 P - 7 slices of pizza


   Skills:
 - Level 2.4 Fighting
 - Level 2.4 Dodging
 - Level 1.1 Stealth
 - Level 12.2 Unarmed Combat
 * Level 8.8 Invocations


You had 9 spell levels left.
You didn't know any spells.

Dungeon Overview and Level Annotations

Branches:
Dungeon (9/15)             Temple (1/1) D:6
   Lair: D:8-11         Orc: D:9-12

Altars:
Ashenzari
Cheibriados
Dithmenos
Elyvilon
Fedhas
Gozag
Kikubaaqudgha
Makhleb
Nemelex Xobeh
Okawaru
Qazlal
Sif Muna
Trog
Vehumet
Xom
Yredelemnul
Zin
The Shining One


Innate Abilities, Weirdness & Mutations

You are too large for most types of armour.
You have claws for hands.
Your metabolism is lightning-fast.
You like to eat raw meat.
You heal very quickly.
You are covered in fur (AC +1).
You have very tough skin (AC +2).


Message History

The wasp stings you!
* * * LOW HITPOINT WARNING * * *
You feel yourself slow down.
You claw the wasp!
You kill the wasp!
Qazlal accepts your kill.
You feel yourself speed up.
The centaur shoots an arrow.
The arrow is repelled.
The wight closely misses you.
The wight hits you from afar with a spear of freezing.
* * * LOW HITPOINT WARNING * * *
The wight freezes you.
* * * LOW HITPOINT WARNING * * *
The centaur unwields an uncursed shortbow of flaming.
It stops flaming.
You block the centaur's attack.
You see here a wasp corpse.
Drink which item? (? for menu, Esc to quit)
You feel better. The centaur barely misses you.
The wight hits you from afar with a spear of freezing!
You die...

#########
.>..zz.(# #.#
#@# #c#
#.zz.......
.[..#)#.##...
######.#.#
#.# # #.# #..
###


You could see a centaur and 2 wights.

Vanquished Creatures
  Erolcha (D:8)
  The ghost of nago the Geomancer, an experienced VSEE (D:7)
  Maurice (D:8)
  A yak (D:8)
  A wraith (Ossuary)
  A human (D:8)
  A hippogriff (D:7)
  An orc warrior (D:7)
  A wasp (D:9)
  2 ice beasts
  3 black bears
  2 centaurs
  3 sky beasts
  An ogre (D:6)
  2 giant frogs
  2 big kobolds (D:8)
  3 scorpions
  A giant frog zombie (D:7)
  3 crimson imps (D:8)
  4 hounds
  4 jellies
  7 orc priests
  Crazy Yiuf (D:2)
  3 iguanas
  6 orc wizards
  6 worker ants
  3 sheep (D:8)
  A hound skeleton (D:4)
  A mummy (Ossuary)
  11 gnolls
  11 adders
  3 shadow imps
  An ooze (D:2)
  2 adder skeletons
  An adder zombie (D:5)
  5 worms
  A giant gecko (D:5)
  23 orcs
  9 bats
  12 goblins
  13 hobgoblins
  10 jackals
  21 kobolds
  5 quokkas
  4 ball pythons
  3 giant cockroaches
  8 giant newts
  6 gnoll skeletons (Ossuary)
  5 kobold skeletons (Ossuary)
  14 orc skeletons (Ossuary)
  14 rats
249 creatures vanquished.

Notes
Turn   | Place    | Note
--------------------------------------------------------------
     0 | D:1      | Ajdolov the Troll Monk began the quest for the Orb.
     0 | D:1      | Reached XP level 1. HP: 22/22 MP: 0/0
     6 | D:1      | Noticed a black mamba
     6 | D:1      | Noticed a polar bear
     6 | D:1      | Noticed a komodo dragon
     6 | D:1      | Noticed a killer bee
     6 | D:1      | Noticed a wolf
   125 | D:1      | Reached XP level 2. HP: 29/29 MP: 1/1
   718 | D:3      | Reached skill level 5 in Unarmed Combat
   718 | D:3      | Reached XP level 3. HP: 26/36 MP: 2/2
  1498 | D:2      | Found a faded altar to an unknown god.
  1533 | D:2      | Found an iron altar of Okawaru.
  1591 | D:2      | Noticed Crazy Yiuf
  1629 | D:2      | Killed Crazy Yiuf
  1629 | D:2      | Reached XP level 4. HP: 20/44 MP: 3/3
  1687 | D:2      | Reached skill level 6 in Unarmed Combat
  1820 | D:2      | Reached XP level 5. HP: 50/50 MP: 4/4
  2177 | D:4      | Reached skill level 7 in Unarmed Combat
  2177 | D:4      | Reached XP level 6. HP: 55/59 MP: 5/5
  2253 | D:4      | Found a sand-covered staircase.
  2267 | Ossuary  | Entered an ossuary
  2267 | Ossuary  | Noticed a wraith
  2267 | Ossuary  | Noticed a wraith
  2267 | Ossuary  | Noticed a wraith
  2419 | Ossuary  | Noticed a wraith
  2433 | Ossuary  | Killed a wraith
  2433 | Ossuary  | Reached skill level 8 in Unarmed Combat
  2680 | D:4      | Reached XP level 7. HP: 34/66 MP: 6/6
  2902 | D:4      | Reached skill level 9 in Unarmed Combat
  3050 | D:4      | Found a sparkling altar of Nemelex Xobeh.
  3051 | D:4      | Found a glowing silver altar of Zin.
  3179 | D:5      | Entered Level 5 of the Dungeon
  3663 | D:5      | Found an ancient bone altar of Kikubaaqudgha.
  4258 | D:6      | Reached skill level 10 in Unarmed Combat
  4290 | D:6      | Found a staircase to the Ecumenical Temple.
  4298 | Temple   | Entered the Ecumenical Temple
  4371 | Temple   | Became a worshipper of Qazlal Stormbringer
  4371 | Temple   | Acquired Qazlal's first power
  4371 | Temple   | Acquired Qazlal's second power
  4458 | D:6      | Reached XP level 8. HP: 48/74 MP: 7/7
  5070 | D:6      | Found a blossoming altar of Fedhas.
  5151 | D:7      | Reached skill level 11 in Unarmed Combat
  5207 | D:7      | Noticed nago's ghost (experienced VSEE)
  5222 | D:7      | Killed nago's ghost
  5222 | D:7      | Reached skill level 12 in Unarmed Combat
  5222 | D:7      | Reached XP level 9. HP: 48/80 MP: 8/8
  5337 | D:7      | Reached skill level 1 in Invocations
  5479 | D:7      | Acquired Qazlal's third power
  6311 | D:8      | Found a radiant altar of Vehumet.
  6487 | D:8      | Noticed Maurice
  6495 | D:8      | Killed Maurice
  6495 | D:8      | Reached skill level 5 in Invocations
  6532 | D:8      | Found a bloodstained altar of Trog.
  6709 | D:8      | Reached XP level 10. HP: 81/88 MP: 14/14
  6867 | D:8      | Acquired Qazlal's fourth power
  6958 | D:8      | Noticed Erolcha
  6972 | D:8      | Killed Erolcha
  7046 | D:9      | Paralysed by a wasp for 1 turns
  7052 | D:9      | Paralysed by a wasp for 3 turns
  7062 | D:9      | HP: 4/88 [wight/spear of freezing (5)]
  7063 | D:9      | Slain by a wight

Vault maps used:
D:1:      onia_arrival_zoo_common
D:2:      kennysheep_big_flooded_room, okawaru_ov_weapons_minmay,
          ecumenical_altar_2, first_bread, uniq_crazy_yiuf_cottage
D:3:      minivault_5, minmay_shallow_snake_nest
D:4:      minmay_door_path, minitemple, nicolae_ossuary_entry_monument
D:5:      basic_altar
D:6:      kennysheep_little_box, minmay_temple_entry_glassed_door
D:7:      grunt_ministairs_3
D:8:      vehumet_crystals, trog_ov_bears_minmay, grunt_livestock, uniq_erolcha,
          uniq_maurice
D:9:      lemuel_round_altar, serial_shops,
          nicolae_shop_competitors_out_of_business, cheibriados_altar_1
Temple:   circular_temple_12
Ossuary:  ossuary_due_mausoleum

Action                   |  1- 3 |  4- 6 |  7- 9 | 10-12 || total
-------------------------+-------+-------+-------+-------++-------
Melee: Unarmed           |   117 |   157 |   356 |    56 ||   686
  Use: Scroll            |       |       |    12 |       ||    12
       Potion            |       |       |       |     3 ||     3
 Stab: Sleeping          |     2 |       |       |       ||     2
  Eat: Chunk             |    18 |    11 |    37 |     4 ||    70
